 Dungeon Crawl Stone Soup version 0.30-a0-629-gd54f4be4f7 (webtiles) character file.

Game seed: 8277736954186395632

53 bande the Trooper (level 3, 0/24 HPs)
             Began as a Gargoyle Fighter on Jan 13, 2023.
             Was an Initiate of Okawaru.
             Slain by an orc wizard
             ... wielding a +0 dagger
              (2 damage)
             ... on level 3 of the Dungeon.
             The game lasted 00:01:56 (2177 turns).

bande the Trooper (Gargoyle Fighter)                Turns: 2177, Time: 00:01:56

Health: 0/24       AC: 12    Str: 19    XL:     3   Next: 87%
Magic:  3/3        EV:  7    Int:  8    God:    Okawaru [......]
Gold:   96         SH:  0    Dex: 11    Spells: 2/2 levels left

rFire   . . .      SeeInvis .    a - +0 war axe
rCold   . . .      Faith    .    c - +0 buckler
rNeg    + . .      Spirit   .    k - +0 chain mail
rPois   ∞          Reflect  .    (no helmet)
rElec   +          Harm     .    (no cloak)
rCorr   .          Rampage  .    (no gloves)
Will    .....                    (no boots) Stlth
                                 (no amulet)
HPRegen 0.24/turn                (no ring)
MPRegen 0.08/turn                (no ring)

@: confused
A: sickness immunity, AC +3, negative energy resistance 1, electricity
resistance, torment resistance 1, petrification resistance
a: Renounce Religion


You were on level 3 of the Dungeon.
You worshipped Okawaru.
Okawaru was noncommittal.
You visited 1 branch of the dungeon, and saw 3 of its levels.

You collected 96 gold pieces.

Inventory:

Hand Weapons
 a - a +0 war axe (weapon)
Armour
 c - a +0 buckler (worn)
 k - a +0 chain mail (worn)
Jewellery
 n - an amulet of guardian spirit
Scrolls
 h - 4 scrolls of identify {unknown}
 i - a scroll of enchant armour {unknown}
 m - 2 scrolls of teleportation {unknown}
 o - a scroll of vulnerability {unknown}
Potions
 b - a potion of haste {unknown}
 d - 3 potions of might
 e - a potion of ambrosia {unknown}
 f - a potion of lignification {unknown}
 g - 3 potions of curing {unknown}
 j - a potion of berserk rage {unknown}
 l - a potion of attraction {unknown}


   Skills:
 + Level 3.9 Fighting
 + Level 2.5 Axes
 + Level 3.6 Armour
 - Level 0.1 Dodging
 + Level 3.5 Shields
 * Level 0.4 Invocations


You had 2 spell levels left.
You didn't know any spells.
Your spell library was empty.

Dungeon Overview and Level Annotations

Branches:
Dungeon (3/15)

Altars:
Okawaru


Innate Abilities, Weirdness & Mutations

You are immune to sickness and miasma.
Your stone body is resilient. (AC +3)
You are immune to poison.
You resist negative energy. (rN+)
You are resistant to electric shocks. (rElec)
You are resistant to unholy torment.
You are immune to petrification.


Message History

You hear some strange, mumbled words.
A puff of flame appears from out of thin air!
The puff of flame hits you!
You miss something. Something hits you but does no damage.
You block something's attack.
You barely miss something. Something hits you but does no damage.
You barely miss something.
Something hits you but does no damage. x2
You hit something. You block something's attack.
You miss something. Something hits you. Something hits you but does no damage.
You closely miss something.
You hear some strange, mumbled words.
A puff of flame appears from out of thin air!
The puff of flame hits you.
You closely miss something. Something hits you but does no damage.
You barely miss something. Something hits you. You block something's attack.
You miss something.
You hear some strange, mumbled words.
Something tries to affect you, but you resist.
You miss something.
You hear some strange, mumbled words.
You are confused.
Something hits you.
* * * LOW HITPOINT WARNING * * *
Something hits you but does no damage.
You bump into the rock wall.
Something hits you but does no damage.
You bump into the rock wall.
Something hits you.
* * * LOW HITPOINT WARNING * * *
You hear some strange, mumbled words.
You are more confused.
You see here a +0 club.
You hear some strange, mumbled words.
A magic dart appears from out of thin air!
The magic dart hits you.
* * * LOW HITPOINT WARNING * * *
Something hits you but does no damage. Something hits you but does no damage.
Something hits you.
* * * LOW HITPOINT WARNING * * *
You bump into the rock wall.
Something hits you.
You die...

..# #.# #.# #.#
#.# #.#
#.####.##########
................#
.......########.#
>......#
##.#######
.......#
####){).....##
.......#
#.....@.......
.......#
#.##.#########
.......# # #.#
#.#.#### #.#
.....<## #.#
..(....###[..#.#
#.#.#.......#..#
..#.#.####.#.#.
###.#.#


There were no monsters in sight!

Vanquished Creatures
  2 dart slugs (D:1)
  3 orcs (D:3)
  7 endoplasms
  4 giant cockroaches
  3 goblins
  4 hobgoblins
  4 jackals (D:1)
  A quokka (D:1)
  2 ball pythons (D:1)
  4 bats
  A frilled lizard (D:1)
  2 kobolds (D:1)
  A rat (D:1)
38 creatures vanquished.

Notes
Turn   | Place    | Note
-------+----------+-------------------------------------------
     0 | D:1      | bande the Gargoyle Fighter began the quest for the Orb.
     0 | D:1      | Reached XP level 1. HP: 14/14 MP: 1/1
   144 | D:1      | Reached XP level 2. HP: 19/19 MP: 2/2
   371 | D:1      | Reached XP level 3. HP: 22/24 MP: 3/3
  1129 | D:2      | Found an iron altar of Okawaru.
  1139 | D:2      | Became a worshipper of Warmaster Okawaru
  2176 | D:3      | HP: 1/24 [something (1)]
  2177 | D:3      | Slain by an orc wizard

Illustrated notes

Levels and vault maps discovered:
D:1:      dpeg_arrival_line_fractal, layout_loops_ring
D:2:      layout_basic, basic_altar
D:3:      layout_loops_ring, serial_glass, glass_columns_c, glass_columns_c,
          uniq_terence, uniq_sigmund

Skill      XL: |  1  2 |
---------------+-------+-----
Axes           | 2 |  2.5
Fighting       | |  3.9
Armour         | |  3.6
Dodging        | |  0.1
Shields        | |  3.5
Invocations    | |  0.4

Action                   || total
-------------------------++-------
Melee: War axe           ||   107
Armor: Scale mail        ||    51
       Chain mail        ||    21
Dodge: Dodged            ||    49
Block: Buckler           ||    31

Table legend: (Time is in decaauts)
 A = Elapsed time spent in this place.
 B = Non-inter-level travel time spent in this place.
 C = Inter-level travel time spent in this place.
 D = Time resting spent in this place.
 E = Time spent auto-exploring this place.
 F = Levels seen in this place.
 G = Mean time per level.
                   A        B        C        D        E       F      G
               +--------+--------+--------+--------+--------+-----+--------+
         Total |   2221 |   2196 |     25 |      0 |   1867 |   3 |  740.3 |
       Dungeon |   2221 |   2196 |     25 |      0 |   1867 |   3 |  740.3 |
               +--------+--------+--------+--------+--------+-----+--------+

Top non-repeatable levels by time:
     D:2: 988 daAuts
     D:1: 880 daAuts
     D:3: 352 daAuts
